 Dungeon Crawl Stone Soup version 0.19.5 (webtiles) character file.

251 raph the Cutter (level 6, -1/42 HPs)
             Began as a Halfling Berserker on Mar 8, 2017.
             Was a Believer of Trog.
             Slain by an orc wizard
             ... wielding a +0 dagger
              (2 damage)
             ... on level 3 of the Dungeon.
             The game lasted 00:06:13 (2233 turns).

raph the Cutter (Halfling Berserker)                Turns: 2233, Time: 00:06:14

Health: -1/42      AC:  6    Str: 18    XL:     6   Next: 36%
Magic:  6/6        EV: 16    Int:  7    God:    Trog [**....]
Gold:   136        SH:  0    Dex: 16    Spells: 0 memorised, 5 levels left

rFire  . . .     SeeInvis +     a - +0 short sword
rCold  . . .     Gourm    .     r - +0 leather armour
rNeg   . . .     Faith    .     (shield restricted)
rPois  .         Spirit   .     (no helmet)
rElec  .         Reflect  .     q - +1 cloak
rCorr  .         Harm     .     (no gloves)
MR     .....                    i - +0 pair of boots
Stlth  +.........               (no amulet)
                                k - +2 ring of intelligence
                                g - ring of see invisible

@: slowed, very slow
A: mutation resistance 1
a: Berserk, Trog's Hand, Burn Spellbooks, Renounce Religion


You were on level 3 of the Dungeon.
You worshipped Trog.
Trog was pleased with you.
You were very hungry.

You visited 1 branch of the dungeon, and saw 4 of its levels.

You collected 136 gold pieces.

Inventory:

Hand Weapons
 a - a +0 short sword (weapon)
 b - a +0 hunting sling
Missiles
 t - a tomahawk of dispersal (quivered)
 v - 51 stones
Armour
 e - a +0 scale mail
 i - a +0 pair of boots (worn)
 q - a +1 cloak (worn)
 r - a +0 leather armour (worn)
Jewellery
 g - a ring of see invisible (left hand)
 k - a +2 ring of intelligence (right hand)
Wands
 y - a wand of slowing (20/48)
Scrolls
 h - a scroll of fog
 j - a scroll of magic mapping {unknown}
 s - a scroll of noise {unknown}
 z - a scroll of amnesia {unknown}
 B - a scroll of identify {unknown}
 C - a scroll of teleportation {unknown}
Potions
 d - 2 potions of heal wounds {unknown}
 l - 2 potions of haste {unknown}
 m - a potion of berserk rage {unknown}
 n - 2 potions of brilliance {unknown}
 u - a potion of cancellation {unknown}
 w - a potion of curing {unknown}
 x - a potion of degeneration {unknown}
 A - a potion of agility {unknown}
 D - a potion of ambrosia {unknown}
Comestibles
 c - 4 bread rations
 f - a royal jelly
 o - a slice of pizza
 p - a meat ration


   Skills:
 + Level 3.6 Fighting
 * Level 5.7 Short Blades
 + Level 2.0 Slings
 + Level 3.3 Armour
 + Level 3.4 Dodging


You had 5 spell levels left.
You didn't know any spells.

Dungeon Overview and Level Annotations

Branches:
Dungeon (4/15)
 Temple: D:4-7

Altars:
Cheibriados
Dithmenos
Fedhas
Hepliaklqana
Yredelemnul
The Shining One


Innate Abilities, Weirdness & Mutations

You are small and have problems with some larger weapons.
You are somewhat resistant to further mutation.


Message History

The orc wizard closely misses you. The orc wizard casts a spell at you.
The magic dart hits you!
* * * LOW HITPOINT WARNING * * *
a - a +0 short sword (weapon)
You closely miss the orc wizard.
The orc wizard is severely wounded.
The orc wizard misses you.
You closely miss the orc wizard.
The orc wizard is severely wounded.
The orc wizard hits you but does no damage. x2
You hit the orc wizard.
The orc wizard is almost dead.
The orc wizard hits you with a dagger.
* * * LOW HITPOINT WARNING * * *
You hit the orc wizard.
The orc wizard is almost dead.
You feel less exhausted. The orc wizard hits you with a dagger.
You die...

....... ###.##.########
(.......##....#.##...<..
........#[†##.#.########
........#)###.... ##
........))........#####.
........#.#######.......
....$(((..# ####.####..
.....<(o.#####.... #..
....([.@....##....# #..
............##.....###..
................._.....)
.?....######.###.....###
###### .# ##....# #
#....# #.#### ... ....


You could see an orc wizard.

Vanquished Creatures
  The ghost of vatarom the Gusty, an amateur TeAE (D:3)
  An orc priest (D:3)
  An orc wizard (D:3)
  2 adders (D:2)
  An ooze (D:3)
  A worm (D:3)
  3 leopard geckos
  2 orcs (D:3)
  2 giant cockroaches
  6 goblins
  9 hobgoblins
  6 jackals
  6 bats
  A frilled lizard (D:2)
  6 kobolds
  A quokka skeleton (D:4)
  10 rats
59 creatures vanquished.

Notes
Turn   | Place    | Note
-------+----------+-------------------------------------------
     0 | D:1      | raph the Halfling Berserker began the quest for the Orb.
     0 | D:1      | Reached XP level 1. HP: 15/15 MP: 1/1
   239 | D:1      | Reached XP level 2. HP: 17/20 MP: 2/2
   845 | D:2      | Reached skill level 4 in Short Blades
   857 | D:2      | Reached XP level 3. HP: 15/25 MP: 3/3
   982 | D:2      | Found a blossoming altar of Fedhas.
  1023 | D:2      | Found a snail-covered altar of Cheibriados.
  1028 | D:2      | Found a shadowy altar of Dithmenos.
  1029 | D:2      | Reached ** piety under Trog
  1280 | D:2      | Found a hazy altar of Hepliaklqana.
  1407 | D:2      | Reached XP level 4. HP: 14/31 MP: 4/4
  1603 | D:2      | You fall through a shaft for 2 floors!
  1814 | D:3      | Found a glowing golden altar of the Shining One.
  1908 | D:3      | Noticed vatarom's ghost (amateur TeAE)
  1916 | D:3      | Killed vatarom's ghost
  1916 | D:3      | Reached skill level 5 in Short Blades
  1916 | D:3      | Reached skill level 1 in Slings
  1916 | D:3      | Reached XP level 5. HP: 36/36 MP: 5/5
  2004 | D:3      | Found a basalt altar of Yredelemnul.
  2049 | D:3      | Found a faded altar of an unknown god.
  2186 | D:3      | Reached XP level 6. HP: 42/42 MP: 6/6
  2228 | D:3      | HP: 2/42 [orc wizard/magic dart (5)]
  2233 | D:3      | Slain by an orc wizard

Skill      XL: |  1  2  3  4  5  6 |
---------------+-------------------+-----
Short Blades   | 4 5 |  5.7
Fighting       | 3 |  3.6
Slings         | 1 2 |  2.0
Armour         | 3 |  3.3
Dodging        | 3 |  3.4

Action                   |  1- 3 |  4- 6 || total
-------------------------+-------+-------++-------
Melee: Short sword       |   134 |    97 ||   231
 Fire: Hunting sling     |     7 |    10 ||    17
Throw: Tomahawk          |     1 |       ||     1
Invok: Berserk           |     1 |     4 ||     5
  Use: Scroll            |     2 |       ||     2
  Eat: Chunk             |     2 |     6 ||     8
Armor: Scale mail        |    36 |       ||    36
       Leather armour    |       |    39 ||    39
Dodge: Dodged            |   101 |    60 ||   161
